 Dungeon Crawl Stone Soup version 0.21-a0-401-g0b6bec4 (webtiles) character file.

4 kae the Digger (level 1, 0/10 HPs)
             Began as a Gargoyle Earth Elementalist on Oct 24, 2017.
             Slain by a jackal (2 damage)
             ... on level 1 of the Dungeon.
             The game lasted 00:00:15 (59 turns).

kae the Digger (Gargoyle Earth Elementalist)          Turns: 59, Time: 00:00:16

Health: 0/10       AC:  4    Str: 11    XL:     1   Next: 60%
Magic:  0/3        EV: 12    Int: 15    God:
Gold:   12         SH:  0    Dex: 10    Spells: 3/4 levels left

rFire    . . .     SeeInvis .   (no weapon)
rCold    . . .     Gourm    .   (no shield)
rNeg     + . .     Faith    .   c - +0 robe
rPois    ∞         Spirit   .   (no helmet)
rElec    +         Reflect  .   (no cloak)
rCorr    .         Harm     .   (no gloves)
MR       .....                  (no boots)
Stlth    ++........             (no amulet)
HPRegen  0.03/turn              (no ring)
MPRegen  0.08/turn              (no ring)

@: no status effects
A: negative energy resistance 1, electricity resistance, unbreathing,
petrification resistance, rot immunity, AC +2
a: no special abilities


You were on level 1 of the Dungeon.
You were not hungry.

You visited 1 branch of the dungeon, and saw 1 of its levels.

You collected 12 gold pieces.

Inventory:

Missiles
 b - 25 stones (quivered)
Armour
 c - a +0 robe (worn)
Books
 e - a book of Geomancy

   Spells                             Type                      Level
   a - Sandblast                      Earth                        1
   b - Passwall                       Transmutation/Earth          2
   c - Stone Arrow                    Conjuration/Earth            3
   d - Petrify                        Transmutation/Earth          4
   e - Lee's Rapid Deconstruction     Earth                        5
Comestibles
 d - a bread ration


   Skills:
 - Level 1.5 Dodging
 - Level 2.1 Stealth
 + Level 2.1 Spellcasting
   Level 0.7 Transmutations
 + Level 3.8 Earth Magic


You had 3 spell levels left.
You knew the following spells:

 Your Spells              Type           Power        Failure   Level  Hunger
a - Sandblast             Erth           ##....       4%          1    #......


Dungeon Overview and Level Annotations

Branches:
Dungeon (1/15)

Altars:


Innate Abilities, Weirdness & Mutations

You are resistant to torment.
Your stone body is resilient. (AC +2)
You are immune to poison.
You resist negative energy. (rN+)
You are resistant to electric shocks. (rElec)
You can survive without breathing.
You are immune to petrification.
You are immune to rotting.


Message History

You hit the bush but do no damage.
The jackal bites you but does no damage.
The jackal bites the plant but does no damage.
The jackal bites you but does no damage.
The jackal bites the plant but does no damage.
The jackal barely misses you. The jackal barely misses you.
Casting: Sandblast
Confirm with . or Enter, or press ? or * to list all spells.
Aiming: Sandblast
Press: ? - help, Shift-Dir - straight line, f/p - jackal
Aim: a jackal The blast of sand hits the jackal.
You kill the jackal!
b - 25 stones The jackal barely misses you.
You closely miss the jackal. The jackal barely misses you.
The jackal misses you.
You hit the jackal but do no damage. The jackal bites you.
You die... ..P..PP ...... .....
P...PP ...... .. ♣P.P♣ ♣...♣ .P #.. ♣P.P♣ ♣P..♣ ... ...♣♣♣P..♣♣♣...♣♣♣..P #..P.PP.PPP.P..PPP..P

#.......h@..........
#.PPP...P†....PP....
####..♣♣♣...♣♣♣)..♣♣♣P.P
...... ♣P.P♣ ♣...♣ ...
#...♣♣♣P..♣♣♣...♣♣♣P..
#..PPP(......P)P......
#.......................
#...P.P..P.P.......P.PP.
#...♣♣♣P.P♣♣♣...♣♣♣..P♣


You could see a jackal.

Vanquished Creatures
  2 goblins (D:1)
  A jackal (D:1)
3 creatures vanquished.

Notes
Turn   | Place    | Note
-------+----------+-------------------------------------------
     0 | D:1      | kae the Gargoyle Earth Elementalist began the quest for the Orb.
     0 | D:1      | Reached XP level 1. HP: 10/10 MP: 3/3
    59 | D:1      | Slain by a jackal

Vault maps used:
D:1:      dpeg_arrival_tiny_b, serial_forest, infiniplex_forest_clump_diagonal,
          infiniplex_forest_end_2, infiniplex_forest_end_double,
          infiniplex_forest_lined_room_, kennysheep_boxes

Action                   || total
-------------------------++-------
Melee: Unarmed           ||    14
 Cast: Sandblast         ||     5
Armor: Robe              ||     7
Dodge: Dodged            ||    21

Table legend:
 A = Spawn XP
 B = Non-spawn XP
 C = Spawn XP percentage of total XP
 D = Spawn monster count
 E = Non-spawn monster count
 F = Spawn count percentage of total count
 G = Total turns spent on level
                    A         B        C        D         E        F      G
               +---------+---------+-------+---------+---------+-------+---------
         Total |       0 |       6 |   0.0 |       0 |       3 |   0.0 |    59
               +---------+---------+-------+---------+---------+-------+---------
           D:1 |       0 |       6 |   0.0 |       0 |       3 |   0.0 |    59
               +---------+---------+-------+---------+---------+-------+---------
